Rangers vs Canucks

Created - 13 février 2019 at 22:28

Goals
1 2 3 OT1 T
Rangers 2 0 1 0 3
Canucks 2 0 1 1 4
Shots
1 2 3 OT1 T
Rangers 15 11 14 4 44
Canucks 11 8 12 3 34

1st period

1. Canucks , Bobby Ryan 8 (Tom Wilson 6, Erik Karlsson 35) at 1:37
2. Rangers , Alexander Radulov 19 (Connor McDavid 27) at 1:45
3. Rangers , Jamie McGinn 8 (Mark Letestu 6, Cedric Paquette 2) at 5:56
4. Canucks , Alex Pietrangelo 7 (Evgeny Kuznetsov 22, Brayden Point 25) at 8:24 (PP)

Penalties :
Alexei Emelin (NYR) for Tripping (Minor) at 8:02, Chris Kreider (VAN) for Hooking (Minor) at 12:22

2nd period

No Goal

Penalties :
Chris Kreider (VAN) for Holding (Minor) at 9:37, Erik Karlsson (VAN) for Holding (Minor) at 13:20, Erik Karlsson (VAN) for Hooking (Minor) at 15:27, Alexei Emelin (NYR) for High sticking (Minor) at 17:42

3rd period

5. Canucks , Danton Heinen 4 (Charlie Coyle 16, Anthony Beauvillier 13) at 2:23
6. Rangers , Noel Acciari 1 (Nick Bonino 12, Nick Leddy 36) at 17:23

Penalties :
Joel Edmundson (NYR) for Holding (Minor) at 3:07, Blake Coleman (VAN) for High sticking (Minor) at 11:22

Overtime #1

7. Canucks , Evgeny Kuznetsov 18 (Tyson Barrie 29) at 3:38

Penalties :
No Penalty

Goalie Stats

Andrei Vasilevskiy (NYR), 30 saves from 34 shots - (0.882), OTL, 23-19-7, 63:39 minutes
Braden Holtby (VAN), 41 saves from 44 shots - (0.932), W, 22-21-2, 63:39 minutes

Players Stats for Rangers

Player Name              G  A  P  +/- PIM S  H  SB GA TA FO     MP     PP MP  PK MP  
------------------------------------------------------------------------------------
Alexander Radulov        1  0  1   1  0   4  2  0  0  0  2/4    25:05   5:00   0:00 
Alexei Emelin            0  0  0   0  4   0  3  0  0  0  0/0    23:23   4:56   1:13 
Anthony Mantha           0  0  0  -1  0   1  1  0  0  0  2/4    18:16   4:55   0:22 
Braydon Coburn           0  0  0   2  0   0  0  0  0  0  0/0    14:29   0:00   2:05 
Cedric Paquette          0  1  1   0  0   0  0  0  0  0  0/0     4:37   0:00   0:00 
Connor McDavid           0  1  1   1  0   5  0  1  0  0  12/32  25:05   5:00   0:00 
Cory Conacher            0  0  0   1  0   0  2  0  0  0  0/0    10:26   0:00   0:00 
James Neal               0  0  0  -2  0   3  0  0  0  0  0/1    18:49   4:55   0:00 
Jamie McGinn             1  0  1   0  0   1  0  0  0  0  0/0     4:37   0:00   0:00 
Joel Edmundson           0  0  0  -2  2   1  1  1  0  0  0/0    23:22   4:59   1:02 
Kevin Bieksa             0  0  0   2  0   0  1  1  0  0  0/0    11:48   0:00   0:00 
Mark Letestu             0  1  1   0  0   3  0  0  0  0  6/11    5:44   0:00   1:07 
Michael Del Zotto        0  0  0  -1  0   3  0  2  0  0  0/0    23:09   4:59   1:43 
Nick Bonino              0  1  1   1  0   2  0  2  0  0  13/24  13:39   0:00   2:51 
Nick Leddy               0  1  1   0  0   4  0  1  0  0  0/0    27:25   4:56   2:37 
Noel Acciari             1  0  1   1  0   5  0  0  0  0  0/0    11:33   0:00   1:07 
Ondrej Palat             0  0  0   1  0   3  0  1  0  0  0/1    23:05   5:00   0:00 
Vincent Trocheck         0  0  0  -2  0   9  0  0  0  0  13/30  22:02   4:55   3:13 

Players Stats for Canucks

Player Name              G  A  P  +/- PIM S  H  SB GA TA FO     MP     PP MP  PK MP  
------------------------------------------------------------------------------------
Aaron Ekblad             0  0  0   1  0   6  3  1  0  0  0/0    23:51   1:50   5:43 
Alex Pietrangelo         1  0  1   1  0   1  1  1  0  0  0/0    24:24   1:50   6:16 
Anthony Beauvillier      0  1  1   0  0   1  1  0  0  0  4/4    11:42   0:00   1:35 
Blake Coleman            0  0  0  -2  2   2  4  0  0  0  6/10   20:13   0:00   4:12 
Bobby Ryan               1  0  1   1  0   3  0  0  0  0  0/0     4:01   0:00   0:00 
Brandon Montour          0  0  0  -2  0   0  0  1  0  0  0/0    15:14   0:00   5:04 
Brayden Point            0  1  1   0  0   5  0  2  0  0  3/4    20:14   2:09   0:32 
Charlie Coyle            0  1  1   0  0   1  4  0  0  0  8/15   15:54   2:11   3:36 
Chris Kreider            0  0  0   1  4   0  2  0  0  0  1/1    19:22   2:11   0:21 
Danton Heinen            1  0  1   0  0   2  1  0  0  0  0/0    10:27   0:00   0:20 
Erik Karlsson            0  1  1   0  4   1  3  2  0  0  0/0    26:12   2:30   2:35 
Evgeny Kuznetsov         1  1  2   1  0   3  0  0  0  0  16/30  19:25   2:09   0:00 
Jared McCann             0  0  0   1  0   0  0  0  0  0  6/11    7:18   0:00   3:17 
Mike Hoffman             0  0  0  -2  0   4  0  0  0  0  2/3    20:11   2:09   0:00 
Tom Wilson               0  1  1   1  0   0  3  0  0  0  0/1     9:58   0:00   5:57 
Tyson Barrie             0  1  1   1  0   1  0  2  0  0  0/0    23:46   2:30   0:12 
Vince Dunn               0  0  0  -2  0   0  0  2  0  0  0/0    10:10   0:00   0:00 
William Karlsson         0  0  0  -2  0   4  1  0  0  0  13/28  18:35   2:11   0:00 

3 Stars

1 - Evgeny Kuznetsov (VAN)
2 - Alex Pietrangelo (VAN)
3 - Braden Holtby (VAN)

Power Play

Rangers - 0 on 5 Attempt(s) - 0.00%
Canucks - 1 on 3 Attempt(s) - 33.33%

Penalty Kill

Rangers - 2 on 3 Attempt(s) - 66.67% - Score 0 goal in Penalty Kill
Canucks - 5 on 5 Attempt(s) - 100.00% - Score 0 goal in Penalty Kill

Team Stat

Rangers - Hits : 10 - Faceoff Wins : 48 - Blocked Shots : 9 - Penalty Minutes : 6
Canucks - Hits : 23 - Faceoff Wins : 59 - Blocked Shots : 11 - Penalty Minutes : 10

Official

Referees : Francois StLaurent and Kyle Rehman
Linesman : Don Henderson and Pierre Racicot

Game Notes

No Game Note

Finance

Level 1 -- Attendance: 6500 (100.00%) -- Ticket Income 715 000 $
Level 2 -- Attendance: 4953 (99.06%) -- Ticket Income 371 475 $
Level 3 -- Attendance: 3173 (90.66%) -- Ticket Income 174 515 $
Level 4 -- Attendance: 2640 (90.72%) -- Ticket Income 105 600 $
Luxury Box -- Attendance: 1000 (100.00%) -- Ticket Income 199 000 $
Game was played at the Rogers Arena.
Total Attendance: 18266 (96.59%)
Total Ticket Income: 1 565 590 $
Other Income: 767 139 $
Total Income: 2 332 729 $

% Time on Ice - Rangers

Lines # - Real PCT - Wanted PCT - Time Play
Normal Forward
1 - 40% - 40% - 18:05
2 - 28% - 30% - 12:37
3 - 23% - 20% - 10:26
4 - 10% - 10% - 4:37
Normal Defense
1 - 38% - 44% - 17:16
2 - 35% - 34% - 16:05
3 - 26% - 22% - 11:48
4 - 1% - 0% - 0:36
PP Forward
1 - 50% - 60% - 5:00
2 - 50% - 40% - 4:55
PP Defense
1 - 50% - 60% - 4:56
2 - 50% - 40% - 4:59
PK Forward
1 - 74% - 60% - 3:13
2 - 26% - 40% - 1:07
PK Defense
1 - 52% - 60% - 2:15
2 - 48% - 40% - 2:05
PK3 Forward
1 - 0% - 60%
2 - 0% - 40%
PK3 Defense
1 - 0% - 60%
2 - 0% - 40%
44 Forward
1 - 0% - 60%
2 - 0% - 40%
44 Defense
1 - 0% - 60%
2 - 0% - 40%
Last Minute Offensive  - 0:00
Last Minute Defensive  - 0:00
Total
Forward - 60:00
Defense - 60:00

% Time on Ice - Canucks

Lines # - Real PCT - Wanted PCT - Time Play
Normal Forward
1 - 34% - 34% - 15:35
2 - 35% - 34% - 16:02
3 - 22% - 22% - 10:07
4 - 9% - 10% - 4:01
Normal Defense
1 - 42% - 42% - 19:17
2 - 36% - 36% - 16:18
3 - 22% - 22% - 10:10
4 - 0% - 0% - 0:00
PP Forward
1 - 50% - 60% - 2:09
2 - 50% - 40% - 2:11
PP Defense
1 - 58% - 60% - 2:30
2 - 42% - 40% - 1:50
PK Forward
1 - 67% - 60% - 6:38
2 - 33% - 40% - 3:17
PK Defense
1 - 48% - 60% - 4:46
2 - 52% - 40% - 5:09
PK3 Forward
1 - 0% - 50%
2 - 0% - 50%
PK3 Defense
1 - 0% - 50%
2 - 0% - 50%
44 Forward
1 - 0% - 50%
2 - 0% - 50%
44 Defense
1 - 0% - 60%
2 - 0% - 40%
Last Minute Offensive  - 0:00
Last Minute Defensive  - 0:00
Total
Forward - 60:00
Defense - 60:00

Play-by-Play

1st period


0:01 of 1st period - Evgeny Kuznetsov wins face-off versus Connor McDavid in neutral zone.
0:22 of 1st period - Shot by Connor McDavid.
0:22 of 1st period - Stopped by Braden Holtby with a rebound.
0:24 of 1st period - Shot by Ondrej Palat.
0:24 of 1st period - Shot Misses the Net.
0:26 of 1st period - Shot by Connor McDavid.
0:26 of 1st period - Stopped by Braden Holtby without a rebound.
0:27 of 1st period - William Karlsson wins face-off versus Vincent Trocheck in Canucks zone.
0:38 of 1st period - Michael Del Zotto is hit by Blake Coleman and loses puck.
1:03 of 1st period - Shot by William Karlsson.
1:03 of 1st period - Shot Misses the Net.
1:05 of 1st period - Shot by Blake Coleman.
1:05 of 1st period - Stopped by Andrei Vasilevskiy without a rebound.
1:06 of 1st period - Charlie Coyle wins face-off versus Nick Bonino in Rangers zone.
1:07 of 1st period - Shot by Danton Heinen.
1:07 of 1st period - Shot Misses the Net.
1:15 of 1st period - Shot by Cory Conacher.
1:15 of 1st period - Shot Misses the Net.
1:17 of 1st period - Shot by Noel Acciari.
1:17 of 1st period - Stopped by Braden Holtby without a rebound.
1:18 of 1st period - Mark Letestu wins face-off versus Jared McCann in Canucks zone.
1:26 of 1st period - Tyson Barrie is hit by Alexei Emelin and loses puck.
1:33 of 1st period - Shot by Tom Wilson.
1:33 of 1st period - Shot Misses the Net.
1:35 of 1st period - Shot by Tom Wilson.
1:35 of 1st period - Shot Misses the Net.
1:37 of 1st period - Shot by Bobby Ryan.
1:37 of 1st period - Goal by Bobby Ryan - Rangers : 0 - Canucks : 1.
1:38 of 1st period - Connor McDavid wins face-off versus Charlie Coyle in neutral zone.
1:45 of 1st period - Shot by Alexander Radulov.
1:45 of 1st period - Goal by Alexander Radulov - Rangers : 1 - Canucks : 1.
1:46 of 1st period - Nick Bonino wins face-off versus Evgeny Kuznetsov in neutral zone.
2:17 of 1st period - Shot by Brayden Point.
2:17 of 1st period - Shot Misses the Net.
2:19 of 1st period - Shot by Brayden Point.
2:19 of 1st period - Shot Misses the Net.
2:39 of 1st period - Shot by Charlie Coyle.
2:39 of 1st period - Stopped by Andrei Vasilevskiy without a rebound.
2:40 of 1st period - Mike Hoffman wins face-off versus Connor McDavid in Rangers zone.
2:47 of 1st period - Shot by Mike Hoffman.
2:47 of 1st period - Shot Blocked by Connor McDavid.
2:54 of 1st period - Connor McDavid is hit by William Karlsson and loses puck.
3:16 of 1st period - Shot by Mike Hoffman.
3:16 of 1st period - Stopped by Andrei Vasilevskiy without a rebound.
3:17 of 1st period - Charlie Coyle wins face-off versus Anthony Mantha in Rangers zone.
3:25 of 1st period - Icing by Vincent Trocheck.
3:26 of 1st period - Vincent Trocheck wins face-off versus Tom Wilson in Rangers zone.
3:26 of 1st period - Anthony Mantha is hit by Tom Wilson and loses puck.
5:01 of 1st period - Shot by Brayden Point.
5:01 of 1st period - Stopped by Andrei Vasilevskiy with a rebound.
5:56 of 1st period - Shot by Jamie McGinn.
5:56 of 1st period - Goal by Jamie McGinn - Rangers : 2 - Canucks : 1.
5:57 of 1st period - Charlie Coyle wins face-off versus Nick Bonino in neutral zone.
6:27 of 1st period - Anthony Beauvillier is hit by Joel Edmundson and loses puck.
7:37 of 1st period - Shot by Tom Wilson.
7:37 of 1st period - Shot Blocked by Michael Del Zotto.
7:39 of 1st period - Shot by Aaron Ekblad.
7:39 of 1st period - Stopped by Andrei Vasilevskiy without a rebound.
7:40 of 1st period - Jared McCann wins face-off versus Connor McDavid in Rangers zone.
7:40 of 1st period - Brandon Montour is hit by Alexei Emelin and loses puck.
8:02 of 1st period - Minor Penalty to Alexei Emelin for Tripping.
8:03 of 1st period - Vincent Trocheck wins face-off versus Evgeny Kuznetsov in Rangers zone.
8:22 of 1st period - Shot by Evgeny Kuznetsov.
8:22 of 1st period - Shot Misses the Net.
8:24 of 1st period - Shot by Alex Pietrangelo.
8:24 of 1st period - Goal by Alex Pietrangelo - Rangers : 2 - Canucks : 2.
8:25 of 1st period - Charlie Coyle wins face-off versus Connor McDavid in neutral zone.
9:00 of 1st period - Shot by Danton Heinen.
9:00 of 1st period - Shot Blocked by Kevin Bieksa.
9:13 of 1st period - Icing by Kevin Bieksa.
9:14 of 1st period - Connor McDavid wins face-off versus William Karlsson in Rangers zone.
9:54 of 1st period - Alex Pietrangelo is hit by Alexei Emelin.
10:32 of 1st period - Shot by Chris Kreider.
10:32 of 1st period - Shot Misses the Net.
11:13 of 1st period - Icing by Michael Del Zotto.
11:14 of 1st period - Jared McCann wins face-off versus Mark Letestu in Rangers zone.
11:17 of 1st period - Shot by Bobby Ryan.
11:17 of 1st period - Stopped by Andrei Vasilevskiy with a rebound.
11:19 of 1st period - Shot by Bobby Ryan.
11:19 of 1st period - Stopped by Andrei Vasilevskiy without a rebound.
11:20 of 1st period - William Karlsson wins face-off versus Connor McDavid in Rangers zone.
11:37 of 1st period - Shot by Mike Hoffman.
11:37 of 1st period - Stopped by Andrei Vasilevskiy without a rebound.
11:38 of 1st period - Anthony Mantha wins face-off versus Evgeny Kuznetsov in Rangers zone.
11:38 of 1st period - Anthony Mantha is hit by Chris Kreider.
11:46 of 1st period - Icing by Evgeny Kuznetsov.
11:47 of 1st period - Evgeny Kuznetsov wins face-off versus Connor McDavid in Canucks zone.
11:57 of 1st period - Shot by Alexander Radulov.
11:57 of 1st period - Shot Misses the Net.
12:22 of 1st period - Minor Penalty to Chris Kreider for Hooking.
12:23 of 1st period - Vincent Trocheck wins face-off versus Blake Coleman in Canucks zone.
12:38 of 1st period - Shot by Vincent Trocheck.
12:38 of 1st period - Stopped by Braden Holtby with a rebound.
12:40 of 1st period - Shot by Joel Edmundson.
12:40 of 1st period - Shot Misses the Net.
12:42 of 1st period - Shot by Vincent Trocheck.
12:42 of 1st period - Stopped by Braden Holtby without a rebound.
12:43 of 1st period - Blake Coleman wins face-off versus Connor McDavid in Canucks zone.
13:34 of 1st period - Anthony Mantha is hit by Aaron Ekblad and loses puck.
13:51 of 1st period - Shot by Vincent Trocheck.
13:51 of 1st period - Stopped by Braden Holtby without a rebound.
13:52 of 1st period - Blake Coleman wins face-off versus James Neal in Canucks zone.
14:20 of 1st period - Shot by Nick Leddy.
14:20 of 1st period - Shot Misses the Net.
14:30 of 1st period - Shot by Nick Bonino.
14:30 of 1st period - Stopped by Braden Holtby without a rebound.
14:31 of 1st period - Evgeny Kuznetsov wins face-off versus Alexander Radulov in Canucks zone.
14:52 of 1st period - Alexander Radulov is hit by Alex Pietrangelo.
15:00 of 1st period - Shot by Alexander Radulov.
15:00 of 1st period - Shot Misses the Net.
15:02 of 1st period - Shot by Michael Del Zotto.
15:02 of 1st period - Shot Blocked by Brayden Point.
15:04 of 1st period - Shot by Michael Del Zotto.
15:04 of 1st period - Stopped by Braden Holtby with a rebound.
15:06 of 1st period - Shot by Michael Del Zotto.
15:06 of 1st period - Stopped by Braden Holtby without a rebound.
15:07 of 1st period - William Karlsson wins face-off versus Nick Bonino in Canucks zone.
15:12 of 1st period - Shot by William Karlsson.
15:12 of 1st period - Stopped by Andrei Vasilevskiy without a rebound.
15:13 of 1st period - William Karlsson wins face-off versus Nick Bonino in Rangers zone.
15:36 of 1st period - Shot by Noel Acciari.
15:36 of 1st period - Stopped by Braden Holtby with a rebound.
16:05 of 1st period - Icing by Noel Acciari.
16:06 of 1st period - Nick Bonino wins face-off versus Charlie Coyle in Rangers zone.
16:25 of 1st period - Shot by Anthony Beauvillier.
16:25 of 1st period - Shot Blocked by Joel Edmundson.
16:45 of 1st period - Shot by Anthony Mantha.
16:45 of 1st period - Shot Misses the Net.
17:10 of 1st period - Icing by Kevin Bieksa.
17:11 of 1st period - Evgeny Kuznetsov wins face-off versus Connor McDavid in Rangers zone.
17:44 of 1st period - Shot by Chris Kreider.
17:44 of 1st period - Shot Misses the Net.
18:09 of 1st period - Icing by Brandon Montour.
18:10 of 1st period - Anthony Mantha wins face-off versus William Karlsson in Canucks zone.
18:11 of 1st period - Shot by Vincent Trocheck.
18:11 of 1st period - Shot Misses the Net.
18:13 of 1st period - Shot by Nick Leddy.
18:13 of 1st period - Shot Misses the Net.
18:45 of 1st period - Shot by James Neal.
18:45 of 1st period - Shot Blocked by Brandon Montour.
18:47 of 1st period - Shot by Vincent Trocheck.
18:47 of 1st period - Shot Blocked by Vince Dunn.
18:49 of 1st period - Shot by Nick Leddy.
18:49 of 1st period - Stopped by Braden Holtby with a rebound.
19:06 of 1st period - Icing by Michael Del Zotto.
19:07 of 1st period - Mark Letestu wins face-off versus Charlie Coyle in Rangers zone.
19:09 of 1st period - Cedric Paquette is hit by Charlie Coyle.
19:14 of 1st period - Off-side.
19:15 of 1st period - Nick Bonino wins face-off versus Evgeny Kuznetsov in neutral zone.
19:21 of 1st period - Shot by Nick Bonino.
19:21 of 1st period - Shot Blocked by Erik Karlsson.
19:23 of 1st period - Shot by Noel Acciari.
19:23 of 1st period - Shot Blocked by Tyson Barrie.
19:25 of 1st period - Shot by Cory Conacher.
19:25 of 1st period - Shot Blocked by Erik Karlsson.
19:27 of 1st period - Shot by Noel Acciari.
19:27 of 1st period - Stopped by Braden Holtby without a rebound.
19:28 of 1st period - Alexander Radulov wins face-off versus Charlie Coyle in Canucks zone.
19:42 of 1st period - Shot by Connor McDavid.
19:42 of 1st period - Stopped by Braden Holtby without a rebound.
19:43 of 1st period - Vincent Trocheck wins face-off versus Evgeny Kuznetsov in Canucks zone.
19:48 of 1st period - Shot by Anthony Mantha.
19:48 of 1st period - Shot Hit the Post.
Goals for this period are 2 for Rangers vs 2 for Canucks.
Shots for this period are 15 for Rangers vs 11 for Canucks.

2nd period


0:01 of 2nd period - Connor McDavid wins face-off versus William Karlsson in neutral zone.
0:13 of 2nd period - Shot by Aaron Ekblad.
0:13 of 2nd period - Stopped by Andrei Vasilevskiy without a rebound.
0:14 of 2nd period - Vincent Trocheck wins face-off versus Evgeny Kuznetsov in Rangers zone.
0:25 of 2nd period - Shot by Anthony Mantha.
0:25 of 2nd period - Shot Misses the Net.
0:27 of 2nd period - Shot by James Neal.
0:27 of 2nd period - Shot Misses the Net.
0:29 of 2nd period - Shot by Joel Edmundson.
0:29 of 2nd period - Stopped by Braden Holtby without a rebound.
0:30 of 2nd period - William Karlsson wins face-off versus Connor McDavid in Canucks zone.
1:22 of 2nd period - Icing by Mike Hoffman.
1:23 of 2nd period - William Karlsson wins face-off versus Vincent Trocheck in Canucks zone.
2:11 of 2nd period - Icing by Vincent Trocheck.
2:12 of 2nd period - Anthony Beauvillier wins face-off versus Vincent Trocheck in Rangers zone.
2:21 of 2nd period - Shot by Danton Heinen.
2:21 of 2nd period - Shot Misses the Net.
2:33 of 2nd period - Shot by Danton Heinen.
2:33 of 2nd period - Stopped by Andrei Vasilevskiy with a rebound.
3:09 of 2nd period - Ondrej Palat is hit by Tom Wilson and loses puck.
3:36 of 2nd period - Icing by Alex Pietrangelo.
3:37 of 2nd period - Nick Bonino wins face-off versus Jared McCann in Canucks zone.
5:09 of 2nd period - Brandon Montour is hit by Alexander Radulov and loses puck.
6:09 of 2nd period - Icing by Alex Pietrangelo.
6:10 of 2nd period - Charlie Coyle wins face-off versus Vincent Trocheck in Canucks zone.
6:35 of 2nd period - Icing by Joel Edmundson.
6:36 of 2nd period - Mike Hoffman wins face-off versus Vincent Trocheck in Rangers zone.
8:33 of 2nd period - Off-side.
8:34 of 2nd period - Jared McCann wins face-off versus Vincent Trocheck in neutral zone.
8:40 of 2nd period - Icing by Joel Edmundson.
8:41 of 2nd period - Vincent Trocheck wins face-off versus Evgeny Kuznetsov in Rangers zone.
8:41 of 2nd period - Vincent Trocheck is hit by Chris Kreider.
8:55 of 2nd period - Shot by Brayden Point.
8:55 of 2nd period - Stopped by Andrei Vasilevskiy without a rebound.
8:56 of 2nd period - Nick Bonino wins face-off versus William Karlsson in Rangers zone.
9:05 of 2nd period - Erik Karlsson is hit by Cory Conacher and loses puck.
9:27 of 2nd period - Off-side.
9:28 of 2nd period - Evgeny Kuznetsov wins face-off versus Connor McDavid in neutral zone.
9:37 of 2nd period - Minor Penalty to Chris Kreider for Holding.
9:38 of 2nd period - Connor McDavid wins face-off versus Blake Coleman in Canucks zone.
10:07 of 2nd period - Shot by Nick Leddy.
10:07 of 2nd period - Shot Blocked by Aaron Ekblad.
10:09 of 2nd period - Shot by Alexei Emelin.
10:09 of 2nd period - Shot Blocked by Alex Pietrangelo.
10:41 of 2nd period - Shot by Michael Del Zotto.
10:41 of 2nd period - Stopped by Braden Holtby without a rebound.
10:42 of 2nd period - Jared McCann wins face-off versus Vincent Trocheck in Canucks zone.
11:46 of 2nd period - Shot by Brayden Point.
11:46 of 2nd period - Deflect By Evgeny Kuznetsov.
11:46 of 2nd period - Stopped by Andrei Vasilevskiy without a rebound.
11:47 of 2nd period - Evgeny Kuznetsov wins face-off versus Mark Letestu in Rangers zone.
12:06 of 2nd period - Shot by Chris Kreider.
12:06 of 2nd period - Shot Misses the Net.
12:08 of 2nd period - Shot by Brayden Point.
12:08 of 2nd period - Stopped by Andrei Vasilevskiy without a rebound.
12:09 of 2nd period - Nick Bonino wins face-off versus William Karlsson in Rangers zone.
12:31 of 2nd period - Nick Leddy is hit by Blake Coleman and loses puck.
12:36 of 2nd period - Shot by Mike Hoffman.
12:36 of 2nd period - Shot Misses the Net.
12:42 of 2nd period - Shot by William Karlsson.
12:42 of 2nd period - Stopped by Andrei Vasilevskiy without a rebound.
12:43 of 2nd period - Evgeny Kuznetsov wins face-off versus Connor McDavid in Rangers zone.
12:50 of 2nd period - Shot by Evgeny Kuznetsov.
12:50 of 2nd period - Shot Blocked by Michael Del Zotto.
13:11 of 2nd period - Alexander Radulov is hit by Erik Karlsson and loses puck.
13:15 of 2nd period - Ondrej Palat is hit by Erik Karlsson and loses puck.
13:20 of 2nd period - Shot by Connor McDavid.
13:20 of 2nd period - Stopped by Braden Holtby without a rebound.
13:20 of 2nd period - Minor Penalty to Erik Karlsson for Holding.
13:21 of 2nd period - Blake Coleman wins face-off versus Anthony Mantha in Canucks zone.
13:44 of 2nd period - Shot by Nick Leddy.
13:44 of 2nd period - Stopped by Braden Holtby without a rebound.
13:45 of 2nd period - Blake Coleman wins face-off versus Alexander Radulov in Canucks zone.
14:10 of 2nd period - Icing by Michael Del Zotto.
14:11 of 2nd period - Alexander Radulov wins face-off versus Jared McCann in Rangers zone.
14:23 of 2nd period - Icing by Joel Edmundson.
14:24 of 2nd period - Connor McDavid wins face-off versus Blake Coleman in Rangers zone.
14:24 of 2nd period - Connor McDavid is hit by Tom Wilson.
14:31 of 2nd period - Connor McDavid is hit by Aaron Ekblad and loses puck.
15:25 of 2nd period - Tyson Barrie is hit by Cory Conacher and loses puck.
15:27 of 2nd period - Minor Penalty to Erik Karlsson for Hooking.
15:28 of 2nd period - Blake Coleman wins face-off versus Vincent Trocheck in Canucks zone.
15:51 of 2nd period - Shot by Anthony Mantha.
15:51 of 2nd period - Deflect By Vincent Trocheck.
15:51 of 2nd period - Stopped by Braden Holtby with a rebound.
15:53 of 2nd period - Shot by Nick Leddy.
15:53 of 2nd period - Stopped by Braden Holtby without a rebound.
15:54 of 2nd period - Vincent Trocheck wins face-off versus Jared McCann in Canucks zone.
15:57 of 2nd period - Shot by Vincent Trocheck.
15:57 of 2nd period - Shot Misses the Net.
15:59 of 2nd period - Shot by Vincent Trocheck.
15:59 of 2nd period - Stopped by Braden Holtby without a rebound.
16:00 of 2nd period - Vincent Trocheck wins face-off versus Blake Coleman in Canucks zone.
16:23 of 2nd period - Shot by Anthony Mantha.
16:23 of 2nd period - Stopped by Braden Holtby without a rebound.
16:24 of 2nd period - Jared McCann wins face-off versus Connor McDavid in Canucks zone.
16:37 of 2nd period - Shot by Alexander Radulov.
16:37 of 2nd period - Stopped by Braden Holtby without a rebound.
16:38 of 2nd period - Jared McCann wins face-off versus Connor McDavid in Canucks zone.
17:31 of 2nd period - Shot by Noel Acciari.
17:31 of 2nd period - Stopped by Braden Holtby without a rebound.
17:32 of 2nd period - Evgeny Kuznetsov wins face-off versus Vincent Trocheck in Canucks zone.
17:42 of 2nd period - Minor Penalty to Alexei Emelin for High sticking.
17:43 of 2nd period - Nick Bonino wins face-off versus Evgeny Kuznetsov in Rangers zone.
19:15 of 2nd period - Icing by Aaron Ekblad.
19:16 of 2nd period - William Karlsson wins face-off versus Mark Letestu in Canucks zone.
19:18 of 2nd period - Icing by Chris Kreider.
19:19 of 2nd period - Mark Letestu wins face-off versus William Karlsson in Canucks zone.
19:24 of 2nd period - Shot by Mark Letestu.
19:24 of 2nd period - Stopped by Braden Holtby without a rebound.
19:25 of 2nd period - Evgeny Kuznetsov wins face-off versus Mark Letestu in Canucks zone.
19:34 of 2nd period - Shot by Brayden Point.
19:34 of 2nd period - Stopped by Andrei Vasilevskiy with a rebound.
19:38 of 2nd period - Shot by Mike Hoffman.
19:38 of 2nd period - Stopped by Andrei Vasilevskiy without a rebound.
19:39 of 2nd period - Evgeny Kuznetsov wins face-off versus Nick Bonino in Rangers zone.
19:42 of 2nd period - Shot by Brayden Point.
19:42 of 2nd period - Shot Blocked by Ondrej Palat.
19:50 of 2nd period - Shot by Alexander Radulov.
19:50 of 2nd period - Shot Misses the Net.
19:52 of 2nd period - Shot by Connor McDavid.
19:52 of 2nd period - Shot Misses the Net.
19:54 of 2nd period - Shot by Nick Leddy.
19:54 of 2nd period - Shot Blocked by Vince Dunn.
19:56 of 2nd period - Shot by Connor McDavid.
19:56 of 2nd period - Shot Misses the Net.
19:58 of 2nd period - Shot by Connor McDavid.
19:58 of 2nd period - Deflect By Alexander Radulov.
19:58 of 2nd period - Shot Misses the Net.
Goals for this period are 0 for Rangers vs 0 for Canucks.
Shots for this period are 11 for Rangers vs 8 for Canucks.

3rd period


0:01 of 3rd period - William Karlsson wins face-off versus Ondrej Palat in neutral zone.
0:37 of 3rd period - Shot by Erik Karlsson.
0:37 of 3rd period - Stopped by Andrei Vasilevskiy with a rebound.
0:39 of 3rd period - Shot by Blake Coleman.
0:39 of 3rd period - Stopped by Andrei Vasilevskiy without a rebound.
0:40 of 3rd period - Chris Kreider wins face-off versus Vincent Trocheck in Rangers zone.
0:50 of 3rd period - Icing by Joel Edmundson.
0:51 of 3rd period - Charlie Coyle wins face-off versus Vincent Trocheck in Rangers zone.
0:58 of 3rd period - Shot by Anthony Beauvillier.
0:58 of 3rd period - Stopped by Andrei Vasilevskiy without a rebound.
0:59 of 3rd period - Nick Bonino wins face-off versus Evgeny Kuznetsov in Rangers zone.
1:26 of 3rd period - Shot by Nick Bonino.
1:26 of 3rd period - Shot Blocked by Brayden Point.
1:28 of 3rd period - Shot by Nick Bonino.
1:28 of 3rd period - Stopped by Braden Holtby without a rebound.
1:29 of 3rd period - Connor McDavid wins face-off versus William Karlsson in Canucks zone.
1:58 of 3rd period - Shot by Ondrej Palat.
1:58 of 3rd period - Stopped by Braden Holtby without a rebound.
1:59 of 3rd period - Charlie Coyle wins face-off versus Vincent Trocheck in Canucks zone.
2:14 of 3rd period - Shot by Charlie Coyle.
2:14 of 3rd period - Shot Misses the Net.
2:23 of 3rd period - Shot by Danton Heinen.
2:23 of 3rd period - Goal by Danton Heinen - Rangers : 2 - Canucks : 3.
2:24 of 3rd period - Connor McDavid wins face-off versus Evgeny Kuznetsov in neutral zone.
2:31 of 3rd period - Shot by Alexander Radulov.
2:31 of 3rd period - Shot Misses the Net.
2:49 of 3rd period - Shot by Ondrej Palat.
2:49 of 3rd period - Stopped by Braden Holtby without a rebound.
2:50 of 3rd period - Blake Coleman wins face-off versus Vincent Trocheck in Canucks zone.
3:07 of 3rd period - Minor Penalty to Joel Edmundson for Holding.
3:08 of 3rd period - Evgeny Kuznetsov wins face-off versus Nick Bonino in Rangers zone.
3:13 of 3rd period - Shot by Mike Hoffman.
3:13 of 3rd period - Stopped by Andrei Vasilevskiy without a rebound.
3:14 of 3rd period - Nick Bonino wins face-off versus William Karlsson in Rangers zone.
3:44 of 3rd period - Off-side.
3:45 of 3rd period - Nick Bonino wins face-off versus Evgeny Kuznetsov in neutral zone.
3:48 of 3rd period - Shot by Nick Leddy.
3:48 of 3rd period - Shot Misses the Net.
3:50 of 3rd period - Shot by Vincent Trocheck.
3:50 of 3rd period - Stopped by Braden Holtby without a rebound.
3:51 of 3rd period - Evgeny Kuznetsov wins face-off versus Nick Bonino in Canucks zone.
4:11 of 3rd period - Shot by Aaron Ekblad.
4:11 of 3rd period - Stopped by Andrei Vasilevskiy without a rebound.
4:12 of 3rd period - Mark Letestu wins face-off versus William Karlsson in Rangers zone.
4:12 of 3rd period - Mark Letestu is hit by Charlie Coyle.
5:18 of 3rd period - Shot by Ondrej Palat.
5:18 of 3rd period - Stopped by Braden Holtby without a rebound.
5:19 of 3rd period - Mark Letestu wins face-off versus Jared McCann in Canucks zone.
5:27 of 3rd period - Shot by Mark Letestu.
5:27 of 3rd period - Stopped by Braden Holtby without a rebound.
5:28 of 3rd period - Connor McDavid wins face-off versus William Karlsson in Canucks zone.
5:32 of 3rd period - Icing by Aaron Ekblad.
5:33 of 3rd period - William Karlsson wins face-off versus Connor McDavid in Canucks zone.
5:38 of 3rd period - Nick Leddy is hit by Blake Coleman and loses puck.
7:28 of 3rd period - Icing by Michael Del Zotto.
7:29 of 3rd period - Vincent Trocheck wins face-off versus Charlie Coyle in Rangers zone.
7:29 of 3rd period - Vincent Trocheck is hit by Charlie Coyle.
7:47 of 3rd period - Shot by Vincent Trocheck.
7:47 of 3rd period - Stopped by Braden Holtby without a rebound.
7:48 of 3rd period - William Karlsson wins face-off versus Nick Bonino in Canucks zone.
7:58 of 3rd period - Icing by Alex Pietrangelo.
7:59 of 3rd period - Mark Letestu wins face-off versus William Karlsson in Canucks zone.
8:13 of 3rd period - Shot by Mark Letestu.
8:13 of 3rd period - Stopped by Braden Holtby without a rebound.
8:14 of 3rd period - Anthony Beauvillier wins face-off versus Vincent Trocheck in Canucks zone.
8:19 of 3rd period - Vincent Trocheck is hit by Danton Heinen and loses puck.
8:37 of 3rd period - Shot by Anthony Beauvillier.
8:37 of 3rd period - Shot Misses the Net.
8:53 of 3rd period - Shot by James Neal.
8:53 of 3rd period - Stopped by Braden Holtby with a rebound.
9:16 of 3rd period - Off-side.
9:17 of 3rd period - Connor McDavid wins face-off versus Evgeny Kuznetsov in neutral zone.
9:27 of 3rd period - Off-side.
9:28 of 3rd period - William Karlsson wins face-off versus Nick Bonino in neutral zone.
9:49 of 3rd period - Shot by Aaron Ekblad.
9:49 of 3rd period - Stopped by Andrei Vasilevskiy without a rebound.
9:50 of 3rd period - Evgeny Kuznetsov wins face-off versus Connor McDavid in Rangers zone.
9:57 of 3rd period - Shot by Chris Kreider.
9:57 of 3rd period - Deflect By Evgeny Kuznetsov.
9:57 of 3rd period - Stopped by Andrei Vasilevskiy without a rebound.
9:58 of 3rd period - Evgeny Kuznetsov wins face-off versus Connor McDavid in Rangers zone.
11:22 of 3rd period - Minor Penalty to Blake Coleman for High sticking.
11:23 of 3rd period - Anthony Beauvillier wins face-off versus Vincent Trocheck in Canucks zone.
12:04 of 3rd period - Anthony Beauvillier is hit by Anthony Mantha.
12:36 of 3rd period - Shot by Nick Leddy.
12:36 of 3rd period - Shot Misses the Net.
12:49 of 3rd period - Off-side.
12:50 of 3rd period - Anthony Beauvillier wins face-off versus Connor McDavid in neutral zone.
13:01 of 3rd period - Shot by Alexander Radulov.
13:01 of 3rd period - Shot Misses the Net.
13:31 of 3rd period - Shot by William Karlsson.
13:31 of 3rd period - Stopped by Andrei Vasilevskiy without a rebound.
13:32 of 3rd period - William Karlsson wins face-off versus Mark Letestu in Rangers zone.
14:03 of 3rd period - Shot by William Karlsson.
14:03 of 3rd period - Stopped by Andrei Vasilevskiy with a rebound.
14:16 of 3rd period - Icing by Erik Karlsson.
14:17 of 3rd period - Nick Bonino wins face-off versus William Karlsson in Canucks zone.
14:26 of 3rd period - Shot by Nick Bonino.
14:26 of 3rd period - Shot Misses the Net.
14:28 of 3rd period - Shot by Joel Edmundson.
14:28 of 3rd period - Shot Misses the Net.
14:39 of 3rd period - Shot by Noel Acciari.
14:39 of 3rd period - Shot Blocked by Tyson Barrie.
14:41 of 3rd period - Shot by Nick Bonino.
14:41 of 3rd period - Shot Misses the Net.
15:09 of 3rd period - Shot by Vincent Trocheck.
15:09 of 3rd period - Stopped by Braden Holtby without a rebound.
15:10 of 3rd period - Charlie Coyle wins face-off versus Connor McDavid in Canucks zone.
15:17 of 3rd period - Shot by Charlie Coyle.
15:17 of 3rd period - Shot Misses the Net.
15:38 of 3rd period - Off-side.
15:39 of 3rd period - Evgeny Kuznetsov wins face-off versus Vincent Trocheck in neutral zone.
17:00 of 3rd period - Shot by Ondrej Palat.
17:00 of 3rd period - Shot Misses the Net.
17:02 of 3rd period - Shot by Alexander Radulov.
17:02 of 3rd period - Shot Misses the Net.
17:04 of 3rd period - Shot by Alexander Radulov.
17:04 of 3rd period - Stopped by Braden Holtby without a rebound.
17:05 of 3rd period - William Karlsson wins face-off versus Nick Bonino in Canucks zone.
17:09 of 3rd period - Off-side.
17:10 of 3rd period - Nick Bonino wins face-off versus William Karlsson in neutral zone.
17:10 of 3rd period - Noel Acciari is hit by Blake Coleman and loses puck.
17:18 of 3rd period - Nick Bonino is hit by Erik Karlsson and loses puck.
17:21 of 3rd period - Shot by Nick Bonino.
17:21 of 3rd period - Shot Misses the Net.
17:23 of 3rd period - Shot by Noel Acciari.
17:23 of 3rd period - Goal by Noel Acciari - Rangers : 3 - Canucks : 3.
17:24 of 3rd period - Vincent Trocheck wins face-off versus Charlie Coyle in neutral zone.
17:24 of 3rd period - Vincent Trocheck is hit by Charlie Coyle.
17:27 of 3rd period - James Neal is hit by Aaron Ekblad and loses puck.
17:34 of 3rd period - Kevin Bieksa is hit by Anthony Beauvillier and loses puck.
17:49 of 3rd period - Shot by Aaron Ekblad.
17:49 of 3rd period - Stopped by Andrei Vasilevskiy without a rebound.
17:50 of 3rd period - Connor McDavid wins face-off versus Mike Hoffman in Rangers zone.
18:30 of 3rd period - Shot by Connor McDavid.
18:30 of 3rd period - Stopped by Braden Holtby without a rebound.
18:31 of 3rd period - Evgeny Kuznetsov wins face-off versus Vincent Trocheck in Canucks zone.
18:40 of 3rd period - Shot by James Neal.
18:40 of 3rd period - Deflect By Vincent Trocheck.
18:40 of 3rd period - Stopped by Braden Holtby without a rebound.
18:41 of 3rd period - Nick Bonino wins face-off versus Charlie Coyle in Canucks zone.
19:09 of 3rd period - Danton Heinen is hit by Kevin Bieksa.
19:13 of 3rd period - Shot by Aaron Ekblad.
19:13 of 3rd period - Stopped by Andrei Vasilevskiy without a rebound.
19:14 of 3rd period - Connor McDavid wins face-off versus William Karlsson in Rangers zone.
19:37 of 3rd period - Erik Karlsson is hit by Alexander Radulov and loses puck.
19:56 of 3rd period - Icing by Erik Karlsson.
19:57 of 3rd period - Vincent Trocheck wins face-off versus William Karlsson in Canucks zone.
Goals for this period are 1 for Rangers vs 1 for Canucks.
Shots for this period are 14 for Rangers vs 12 for Canucks.

Overtime #1


0:01 of 1st overtime period - Brayden Point wins face-off versus Connor McDavid in neutral zone.
0:35 of 1st overtime period - Shot by Mike Hoffman.
0:35 of 1st overtime period - Shot Blocked by Nick Leddy.
0:39 of 1st overtime period - Shot by Brayden Point.
0:39 of 1st overtime period - Shot Misses the Net.
1:09 of 1st overtime period - Shot by Chris Kreider.
1:09 of 1st overtime period - Shot Misses the Net.
1:21 of 1st overtime period - Shot by James Neal.
1:21 of 1st overtime period - Shot Misses the Net.
1:23 of 1st overtime period - Shot by Joel Edmundson.
1:23 of 1st overtime period - Shot Misses the Net.
1:25 of 1st overtime period - Shot by Joel Edmundson.
1:25 of 1st overtime period - Shot Misses the Net.
1:27 of 1st overtime period - Shot by Vincent Trocheck.
1:27 of 1st overtime period - Deflect By James Neal.
1:27 of 1st overtime period - Stopped by Braden Holtby without a rebound.
1:28 of 1st overtime period - Brayden Point wins face-off versus Nick Bonino in Canucks zone.
1:35 of 1st overtime period - Shot by Brayden Point.
1:35 of 1st overtime period - Shot Blocked by Nick Bonino.
1:37 of 1st overtime period - Shot by Brayden Point.
1:37 of 1st overtime period - Shot Blocked by Nick Bonino.
1:39 of 1st overtime period - Shot by Brayden Point.
1:39 of 1st overtime period - Stopped by Andrei Vasilevskiy with a rebound.
1:47 of 1st overtime period - Shot by William Karlsson.
1:47 of 1st overtime period - Shot Hit the Post.
1:49 of 1st overtime period - Shot by Tyson Barrie.
1:49 of 1st overtime period - Stopped by Andrei Vasilevskiy without a rebound.
1:50 of 1st overtime period - Connor McDavid wins face-off versus Evgeny Kuznetsov in Rangers zone.
2:13 of 1st overtime period - Shot by Alexander Radulov.
2:13 of 1st overtime period - Shot Misses the Net.
2:15 of 1st overtime period - Shot by Nick Leddy.
2:15 of 1st overtime period - Shot Misses the Net.
2:17 of 1st overtime period - Shot by Nick Leddy.
2:17 of 1st overtime period - Stopped by Braden Holtby with a rebound.
2:19 of 1st overtime period - Shot by Nick Leddy.
2:19 of 1st overtime period - Deflect By Alexander Radulov.
2:19 of 1st overtime period - Stopped by Braden Holtby without a rebound.
2:20 of 1st overtime period - Vincent Trocheck wins face-off versus Brayden Point in Canucks zone.
2:25 of 1st overtime period - Shot by James Neal.
2:25 of 1st overtime period - Stopped by Braden Holtby without a rebound.
2:26 of 1st overtime period - Brayden Point wins face-off versus Connor McDavid in Canucks zone.
3:10 of 1st overtime period - Icing by Joel Edmundson.
3:11 of 1st overtime period - Vincent Trocheck wins face-off versus Evgeny Kuznetsov in Rangers zone.
3:38 of 1st overtime period - Shot by Evgeny Kuznetsov.
3:38 of 1st overtime period - Goal by Evgeny Kuznetsov - Rangers : 3 - Canucks : 4.
Goals for this period are 0 for Rangers vs 1 for Canucks.
Shots for this period are 4 for Rangers vs 3 for Canucks.